 Dungeon Crawl Stone Soup version 0.19-a0-739-gf2af308 (webtiles) character file.

4941 Dorikus the Blocker (level 10, -5/81 HPs)
             Began as a Deep Dwarf Fighter on June 23, 2016.
             Was a Priest of Okawaru.
             Slain by a sun demon (10 damage)
             ... summoned by an obsidian statue
             ... on level 9 of the Dungeon.
             The game lasted 01:09:08 (6900 turns).

Dorikus the Blocker (Deep Dwarf Fighter)            Turns: 6900, Time: 01:09:08

Health: -5/81      AC: 15    Str: 23      XL:     10   Next: 28%
Magic:  11/11      EV:  7    Int:  9      God:    Okawaru [***...]
Gold:   566        SH: 12    Dex:  9 (12) Spells: 0 memorised, 9 levels left

rFire  . . .     SeeInvis .     a - +0 war axe
rCold  . . .     Gourm    .     M - +0 plate armour
rNeg   . . .     Faith    .     c - +1 shield
rPois  +         Spirit   .     (helmet restricted)
rElec  .         Dismiss  .     (no cloak)
rCorr  .         Reflect  .     (no gloves)
SustAt .         Harm     .     m - +0 pair of boots
MR     +....                    (no amulet)
Stlth  ..........               (no ring)
                                (no ring)

@: non-regenerating, somewhat resistant to hostile enchantments, extremely
unstealthy
A: damage resistance, recharge devices, antennae 1, talons 1, frail 1, sense
surroundings 2, poison resistance, slow regeneration 3
a: Device Recharging, Heroism, Renounce Religion


You were on level 9 of the Dungeon.
You worshipped Okawaru.
Okawaru was most pleased with you.
You were not hungry.

You visited 2 branches of the dungeon, and saw 10 of its levels.
You also visited: Sewer and Ossuary.

You collected 622 gold pieces.
You spent 56 gold pieces at shops.

Inventory:

Hand Weapons
 a - a +0 war axe (weapon)
 D - a +0 flail
 H - a +0 shortbow of velocity
Missiles
 t - 81 arrows
 T - 28 bolts
Armour
 c - a +1 shield (worn)
 m - a +0 pair of boots (worn)
 B - a +2 pair of gloves
 M - a +0 plate armour (worn)
 U - a +0 helmet
 X - a +3 plate armour of cold resistance
Jewellery
 g - an uncursed amulet of rage {unknown}
 l - a cursed ring of loudness {unknown}
 w - an uncursed ring of see invisible {unknown}
 E - a cursed -2 ring of dexterity {unknown}
 O - an uncursed ring of flight {unknown}
 S - an uncursed ring of ice {unknown}
Wands
 e - a wand of heal wounds (0/9)
 o - a wand of lightning (3/15)
 s - a wand of enslavement (7/24)
 y - a wand of digging (17/24)
 K - a wand of flame (13/48)
 P - a wand of heal wounds (0/9)
 R - a wand of flame (19/48)
 V - a wand of digging (9/24)
 W - a wand of lightning (8/15)
Scrolls
 I - 2 scrolls of recharging
 J - 5 scrolls of fog
 L - 2 scrolls of teleportation
 Q - a scroll of blinking
Potions
 d - 3 potions of might
 h - a potion of degeneration {unknown}
 i - 5 potions of curing
 j - 5 potions of magic {unknown}
 k - 2 potions of agility
 n - 2 potions of brilliance
 u - 2 potions of berserk rage
 v - 2 potions of haste {unknown}
 x - a potion of mutation {unknown}
 z - a potion of flight {unknown}
 A - a potion of lignification {unknown}
 C - a potion of ambrosia {unknown}
 F - a potion of cancellation {unknown}
Books
 G - a book of Air

   Spells                             Type                      Level
   a - Shock                          Conjuration/Air              1
   b - Swiftness                      Charms/Air                   2
   c - Repel Missiles                 Charms/Air                   2
   d - Static Discharge               Conjuration/Air              3
   e - Lightning Bolt                 Conjuration/Air              5
Comestibles
 b - a royal jelly
 f - 4 bread rations
 p - 4 meat rations
 q - 2 beef jerkies
 r - 4 fruits
 N - 10 chunks of flesh


   Skills:
 * Level 5.6 Fighting
 * Level 7.1 Axes
 * Level 2.6 Bows
 * Level 8.1 Armour
 + Level 5.1 Dodging
 * Level 8.7 Shields
 * Level 6.6 Evocations


You had 9 spell levels left.
You didn't know any spells.

Dungeon Overview and Level Annotations

Branches:
Dungeon (9/15)             Temple (1/1) D:5
   Lair: D:8-11         Orc: D:9-12

Altars:
Ashenzari
Cheibriados
Dithmenos
Elyvilon
Fedhas
Gozag
Hepliaklqana
Kikubaaqudgha
Makhleb
Nemelex Xobeh
Okawaru
Pakellas
Qazlal
Ru
Sif Muna
Trog
Uskayaw
Vehumet
Xom
Yredelemnul
Zin
The Shining One

Shops:
D:4 *   D:7 (

Annotations:
D:4 zervinho's ghost, amateur SpEn
D:9 exclusion: obsidian statue


Innate Abilities, Weirdness & Mutations

You are resistant to damage.
You can recharge devices by infusing magical energy.
You passively map the area around you.
You do not regenerate naturally.
You have a pair of small antennae on your head.
You have sharp toenails.
You are frail. (-10% HP)
Your system is resistant to poisons. (rPois)


Message History

You feel clumsy. You block the quasit's attack.
The quasit bites you but does no damage.
You block the quasit's attack.
The quasit claws you but does no damage.
You block the orange demon's attack. The sun demon hits you!
You are engulfed in flames!!
* * * LOW HITPOINT WARNING * * *
The hellwing closely misses you. The hellwing hits you.
* * * LOW HITPOINT WARNING * * *
You feel better.
You break out of your daze.
The quasit bites you but does no damage.
You block the quasit's attack.
The quasit claws you but does no damage.
You block the quasit's attack. x2; The quasit closely misses you.
The sun demon hits you!!
* * * LOW HITPOINT WARNING * * *
You are engulfed in flames!
You die...

...#####..#####* , ,
...#.........).# ...#,
...#...........# ...#,
,,, ...#...........#
...#, ,, ,
...#...........# ...# ,,
, ...#...........# ...#,
, ...#...........# ...#
,,
..##..#.#########...####*
..#...#........5@3)?....,
,
..#...#....$...45###$...
,,
..#...#........4.#8#=...
,,,
#########...###.?###}...
* , * , #.....#..$}%....,
, , * , #.....#.........
, #.....#......... * , ,
, #.....#....#.... , ,
#.....#....#.... ,


You could see an obsidian statue, a sun demon, an orange demon, a hellwing and 2
quasits.

Vanquished Creatures
  Pikel (D:5)
  Eustachio (D:6)
  A wyvern (D:7)
  A steam dragon (D:7)
  2 water moccasins
  An ice beast (D:8)
  An orc warrior (D:6)
  2 phantoms
  A black bear (D:8)
  A sky beast (D:5)
  6 ogres
  4 centaurs
  A big kobold (D:7)
  4 giant frogs
  A scorpion (D:8)
  12 killer bees (D:7)
  3 howler monkeys
  A giant frog zombie (D:6)
  2 crimson imps
  3 hounds
  8 orc priests
  14 orc wizards
  3 centaur skeletons (D:5)
  5 worker ants
  A hound zombie (D:6)
  A hound skeleton (D:5)
  8 mummies (Ossuary)
  4 gnolls (D:2)
  13 adders
  5 river rats (Sewer)
  A shadow imp (D:5)
  4 oozes (Sewer)
  An adder skeleton (D:6)
  4 worms
  2 dart slugs
  3 giant geckos
  25 orcs
  11 ball pythons
  6 bats
  5 giant cockroaches
  A gnoll zombie (Ossuary)
  10 goblins
  8 hobgoblins
  12 jackals
  3 quokkas
  10 giant newts
  12 kobolds
  3 kobold zombies (Ossuary)
  4 orc zombies (Ossuary)
  37 rats
273 creatures vanquished.

Vanquished Creatures (others)
  A howler monkey (D:5)
1 creature vanquished.

Grand Total: 274 creatures vanquished

Notes
Turn   | Place    | Note
--------------------------------------------------------------
     0 | D:1      | Dorikus the Deep Dwarf Fighter began the quest for the Orb.
     0 | D:1      | Reached XP level 1. HP: 20/20 MP: 1/1
   179 | D:1      | Reached XP level 2. HP: 25/27 MP: 2/2
   448 | D:1      | Reached skill level 1 in Evocations
   594 | D:1      | Reached XP level 3. HP: 26/34 MP: 3/3
   940 | D:2      | Reached XP level 4. HP: 19/42 MP: 5/5
  1034 | D:2      | Reached skill level 1 in Dodging
  1502 | D:3      | Reached XP level 5. HP: 49/49 MP: 6/6
  1895 | D:3      | Found a burning altar of Makhleb.
  2179 | D:4      | Reached XP level 6. HP: 43/56 MP: 6/8
  2231 | D:4      | Found Elisouju's Assorted Antiques.
  2242 | D:4      | Bought a scroll of identify for 56 gold pieces
  2252 | D:4      | Noticed zervinho's ghost (amateur SpEn)
  2465 | D:4      | Identified the Collected Works on Transmigration
  2669 | D:4      | Reached XP level 7. HP: 45/62 MP: 9/9
  2684 | D:4      | Reached skill level 5 in Armour
  2684 | D:4      | Reached skill level 5 in Shields
  3030 | D:5      | Entered Level 5 of the Dungeon
  3048 | D:5      | Found a sand-covered staircase.
  3068 | Ossuary  | Entered an ossuary
  3340 | D:5      | Reached skill level 5 in Axes
  3340 | D:5      | Reached XP level 8. HP: 45/72 MP: 11/11
  3420 | D:5      | Gained mutation: You are frail. (-10% HP) [mutagenic meat]
  3421 | D:5      | Gained mutation: Your system is resistant to poisons. (rPois) [mutagenic meat]
  3422 | D:5      | Gained mutation: You have sharp toenails. [mutagenic meat]
  3423 | D:5      | Gained mutation: You have a pair of small antennae on your head. [mutagenic meat]
  3424 | D:5      | Gained mutation: You are very frail. (-20% HP) [mutagenic meat]
  3425 | D:5      | Lost mutation: You are very frail. (-20% HP) [mutagenic meat]
  3588 | D:5      | Found a staircase to the Ecumenical Temple.
  3595 | Temple   | Entered the Ecumenical Temple
  3608 | Temple   | Became a worshipper of Warmaster Okawaru
  3698 | D:5      | Noticed Pikel
  3710 | D:5      | Killed Pikel
  3710 | D:5      | Reached * piety under Okawaru
  3710 | D:5      | Reached skill level 5 in Evocations
  4043 | D:6      | Found a hazy altar of Hepliaklqana.
  4065 | D:6      | Reached skill level 1 in Bows
  4065 | D:6      | Gained mutation: You passively map the area around you. [Deep Dwarf growth]
  4065 | D:6      | Reached XP level 9. HP: 41/71 MP: 11/11
  4196 | D:6      | Noticed Eustachio
  4237 | D:6      | Killed Eustachio
  4280 | D:6      | Reached skill level 5 in Fighting
  4403 | D:6      | Found a glowing drain.
  4411 | Sewer    | Entered a sewer
  4912 | Sewer    | Reached ** piety under Okawaru
  6139 | D:7      | Found Geor's Weapon Shop.
  6293 | D:8      | Reached *** piety under Okawaru
  6309 | D:7      | Reached XP level 10. HP: 53/79 MP: 11/11
  6338 | D:7      | Reached skill level 5 in Dodging
  6887 | D:9      | Noticed an obsidian statue
  6894 | D:9      | Noticed an orange demon
  6895 | D:9      | Noticed a sun demon
  6900 | D:9      | Slain by a sun demon

Vault maps used:
D:1:      dpeg_arrival_rooms_c, minmay_misc_feat_pillars, roderic_lattice_a,
          minmay_tall_x
D:2:      first_bread, minmay_hedge_maze, serial_park_tiny_pond
D:3:      minmay_misc_feat_roman, bloody_makhleb
D:4:      serial_shops, nicolae_shop_waterfront
D:5:      nicolae_ossuary_entry_monument, uniq_pikel
D:6:      nicolae_overflow_hidden_temple, gup_sewer_entry_spiral,
          corexii_hall_statues_i, uniq_eustachio
D:7:      serial_shops, kennysheep_mini_moat, grunt_ministairs_8
D:9:      blue_anna_alchemist, minmay_protected_statue
Temple:   dpeg_three_leaves_temple
Sewer:    sewer_minmay_w
Ossuary:  ossuary_tomb_3

Skill      XL: |  1  2  3  4  5  6  7  8  9 10 |
---------------+-------------------------------+-----
Fighting       | 3 4 5 |  5.6
Evocations     | 1 2 3 4 5 6 |  6.6
Axes           | 3 5 6 7 |  7.1
Dodging        | 1 2 3 4 5 |  5.1
Shields        | 4 5 6 8 |  8.7
Armour         | 4 5 6 7 8 |  8.1
Bows           | 1 2 |  2.6

Action                   |  1- 3 |  4- 6 |  7- 9 | 10-12 || total
-------------------------+-------+-------+-------+-------++-------
Melee: War axe           |   154 |   307 |   804 |   139 ||  1404
 Abil: Device Recharging |       |       |     3 |       ||     3
Evoke: Wand              |       |     9 |    18 |     5 ||    32
  Use: Scroll            |     3 |     5 |     9 |     1 ||    18
       Potion            |       |     4 |     2 |     1 ||     7
  Eat: Chunk             |       |     7 |    16 |     2 ||    25
       Pizza             |       |       |     2 |       ||     2
       Beef jerky        |       |       |     1 |       ||     1
Armor: Scale mail        |    80 |   124 |   241 |       ||   445
       Plate armour      |       |       |   168 |   125 ||   293
Dodge: Dodged            |    58 |    86 |   306 |    55 ||   505
Block: Shield            |    80 |   158 |   596 |   141 ||   975
